BLB
PHOENIX ROADRUNNERS @ LOS ANGELES DINOS
05/07/2063
 
TOP OF THE 1ST
Phoenix Roadrunners batting - Pitching for Los Angeles Dinos : RHP Derian Romary
Pitching: RHP Derian Romary
Batting: RHB Rick Anderson 0-0: Ball
1-0: Ground out 4-3 (Groundball, 4, EV 79.4 MPH)
Batting: LHB Dwight Bell 0-0: Called Strike
0-1: Foul Ball, location: 2F
0-2: Foul Ball, location: 2F
0-2: Ball
1-2: Ball
2-2: Ball
3-2: SINGLE (Flyball, 9LS, EV 88.1 MPH)
Batting: LHB Devon Cundiff 0-0: Called Strike
Dwight Bell steals 2nd base
0-1: Ball
1-1: Ball
2-1: Ground out 5-3 (Groundball, 56, EV 79.4 MPH)
Batting: LHB Vinnie Ballew 0-0: 2-RUN HOME RUN (Flyball, 9LD, EV 96.2 MPH), Distance : 338 ft
Batting: RHB Scott McDonald 0-0: Ball
1-0: Foul Ball, location: 2F
1-1: Ball
2-1: Ball
3-1: Called Strike
3-2: Fly out, F9 (Line Drive, 89S, EV 105.0 MPH)
Top of the 1st over - 2 runs, 2 hits, 0 errors, 0 left on base; Phoenix 2 - Los Angeles 0
BOTTOM OF THE 1ST
Los Angeles Dinos batting - Pitching for Phoenix Roadrunners : RHP Louis Berry
Pitching: RHP Louis Berry
Batting: RHB Raymond Trainor 0-0: Foul Ball, location: 2F
0-1: Swinging Strike
0-2: Strikes out swinging
Batting: RHB Rob Detling 0-0: Foul Ball, location: 2F
0-1: Ball
1-1: Ball
2-1: Ball
3-1: Called Strike
3-2: Ground out 4-3 (Groundball, 4, EV 78.8 MPH)
Batting: LHB Tris Chikumbu 0-0: Ground out 5-3 (Groundball, 56, EV 92.5 MPH)
Bottom of the 1st over - 0 runs, 0 hits, 0 errors, 0 left on base; Phoenix 2 - Los Angeles 0
TOP OF THE 2ND
Phoenix Roadrunners batting - Pitching for Los Angeles Dinos : RHP Derian Romary
Batting: LHB Walter Lynch 0-0: Foul Ball, location: 2F
0-1: Called Strike
0-2: Ball
1-2: Strikes out swinging
Batting: LHB Uriah Kringen 0-0: Ball
1-0: Called Strike
1-1: Fly out, F8 (Line Drive, 8LM, EV 88.8 MPH)
Batting: RHB Cato Flaig 0-0: Ball
1-0: Called Strike
1-1: Ball
2-1: Swinging Strike
2-2: Strikes out swinging
Top of the 2nd over - 0 runs, 0 hits, 0 errors, 0 left on base; Phoenix 2 - Los Angeles 0
BOTTOM OF THE 2ND
Los Angeles Dinos batting - Pitching for Phoenix Roadrunners : RHP Louis Berry
Batting: RHB Colton Coffin 0-0: Ball
1-0: Called Strike
1-1: Foul Ball, location: 2F
1-2: Strikes out looking
Batting: RHB Efren Zamora 0-0: Foul Ball, location: 2F
0-1: SINGLE (Line Drive, 5D, EV 101.2 MPH)
Batting: LHB Tariq Alston 0-0: Ball
1-0: Foul Ball, location: 2F
1-1: Foul Ball, location: 2F
1-2: Ball
2-2: 2-RUN HOME RUN (Flyball, 9D, EV 96.9 MPH), Distance : 373 ft
Batting: RHB Jehvon Curry 0-0: Ball
1-0: Swinging Strike
1-1: Foul Ball, location: 2F
1-2: Strikes out swinging
Batting: SHB Cole Riley 0-0: Foul Ball, location: 2F
0-1: Called Strike
0-2: Ground out 5-3 (Groundball, 56, EV 103.1 MPH)
Bottom of the 2nd over - 2 runs, 2 hits, 0 errors, 0 left on base; Phoenix 2 - Los Angeles 2
TOP OF THE 3RD
Phoenix Roadrunners batting - Pitching for Los Angeles Dinos : RHP Derian Romary
Batting: LHB Preston Hardcastle 0-0: Ball
1-0: Ball
2-0: Swinging Strike
2-1: Swinging Strike
2-2: Ball
3-2: Foul Ball, location: 2F
3-2: Ground out 6-3 (Groundball, 6, EV 87.5 MPH)
Batting: RHB Rick Anderson 0-0: Called Strike
0-1: Foul Ball, location: 2F
0-2: Ball
1-2: Foul Ball, location: 2F
1-2: Fly out, F9 (Line Drive, 9, EV 107.5 MPH)
Batting: LHB Dwight Bell 0-0: Swinging Strike
0-1: Foul Ball, location: 2F
0-2: Strikes out looking
Top of the 3rd over - 0 runs, 0 hits, 0 errors, 0 left on base; Phoenix 2 - Los Angeles 2
BOTTOM OF THE 3RD
Los Angeles Dinos batting - Pitching for Phoenix Roadrunners : RHP Louis Berry
Batting: RHB Derick Murphy 0-0: Foul Ball, location: 2F
0-1: Ball
1-1: Ground out 5-3 (Groundball, 56, EV 88.8 MPH)
Batting: RHB Raymond Trainor 0-0: Swinging Strike
0-1: Foul Ball, location: 2F
0-2: Ball
1-2: Ball
2-2: SINGLE (Groundball, 56, EV 94.4 MPH)
Batting: RHB Rob Detling 0-0: Foul Ball, location: 2F
0-1: Called Strike
Raymond Trainor steals 2nd base (no throw)
0-2: 2-RUN HOME RUN (Flyball, 7D, EV 96.2 MPH), Distance : 365 ft
Batting: LHB Tris Chikumbu 0-0: Foul Ball, location: 2F
0-1: Ball
1-1: Ball
2-1: Foul Ball, location: 2F
2-2: DOUBLE (Flyball, 8RXD, EV 94.4 MPH)
Batting: RHB Colton Coffin 0-0: Called Strike
0-1: SINGLE (Line Drive, 6MD, EV 96.2 MPH)
Tris Chikumbu to third
Batting: RHB Efren Zamora 0-0: Called Strike
0-1: Ball
1-1: Ball
2-1: Swinging Strike
2-2: Foul Ball, location: 2F
2-2: Foul Ball, location: 2F
2-2: DOUBLE (Groundball, 5L, EV 110.0 MPH)
Tris Chikumbu scores
Colton Coffin to third
Runner from 3rd tries for Home, SAFE, no throw by LF
Batting: LHB Tariq Alston 0-0: SINGLE (Groundball, 34S, EV 69.4 MPH) (infield hit)
Efren Zamora to third
Batting: RHB Jehvon Curry 0-0: Foul Ball, location: 2F
0-1: Grounds into double play, 6-4-3 (Groundball, 6, EV 80.0 MPH)
Bottom of the 3rd over - 4 runs, 6 hits, 0 errors, 1 left on base; Phoenix 2 - Los Angeles 6
TOP OF THE 4TH
Phoenix Roadrunners batting - Pitching for Los Angeles Dinos : RHP Derian Romary
Batting: LHB Devon Cundiff 0-0: SINGLE (Groundball, 6MD, EV 99.4 MPH)
Batting: LHB Vinnie Ballew 0-0: Ball
Devon Cundiff steals 2nd base (no throw)
1-0: Ball
2-0: Ball
3-0: Called Strike
3-1: Base on Balls
Batting: RHB Scott McDonald 0-0: Foul Ball, location: 2F
0-1: Ball
1-1: Foul Ball, location: 2F
1-2: DOUBLE (Groundball, 3L, EV 106.9 MPH)
Devon Cundiff scores
Vinnie Ballew to third
Runner from 3rd tries for Home, SAFE, throw by RF to home
Batting: LHB Walter Lynch 0-0: Ball
1-0: Ground out U3 (Groundball, 3, EV 90.0 MPH)
Scott McDonald to third
Batting: LHB Uriah Kringen 0-0: Foul Ball, location: 2F
0-1: SINGLE (Groundball, 34D, EV 101.9 MPH)
Scott McDonald scores
Pitching: LHP Donovan Jansson
Batting: RHB Cato Flaig 0-0: Ball
Uriah Kringen is caught stealing 2nd base 2-4
1-0: Called Strike
1-1: Foul Ball, location: 2F
1-2: Foul Ball, location: 2F
1-2: Foul Ball, location: 2F
1-2: Strikes out swinging
Top of the 4th over - 3 runs, 3 hits, 0 errors, 0 left on base; Phoenix 5 - Los Angeles 6
BOTTOM OF THE 4TH
Los Angeles Dinos batting - Pitching for Phoenix Roadrunners : RHP Louis Berry
Batting: SHB Cole Riley 0-0: SINGLE (Groundball, 4D, EV 100.0 MPH)
Batting: RHB Derick Murphy 0-0: Foul Ball, location: 2F
0-1: Grounds into double play, 6-4-3 (Groundball, 6, EV 105.0 MPH)
Batting: RHB Raymond Trainor 0-0: Ball
1-0: Swinging Strike
1-1: Ball
2-1: Ball
3-1: Foul Ball, location: 2F
3-2: Ground out 4-3 (Groundball, 4, EV 90.0 MPH)
Bottom of the 4th over - 0 runs, 1 hit, 0 errors, 0 left on base; Phoenix 5 - Los Angeles 6
TOP OF THE 5TH
Phoenix Roadrunners batting - Pitching for Los Angeles Dinos : LHP Donovan Jansson
Batting: LHB Preston Hardcastle 0-0: Ball
1-0: Ball
2-0: Called Strike
2-1: Foul Ball, location: 2F
2-2: Foul Ball, location: 2F
2-2: Strikes out swinging
Batting: RHB Rick Anderson 0-0: Ball
1-0: Called Strike
1-1: Swinging Strike
1-2: Ball
2-2: Ball
3-2: Strikes out swinging
Batting: LHB Dwight Bell 0-0: Ball
1-0: Foul Ball, location: 2F
1-1: Foul Ball, location: 2F
1-2: Ball
2-2: Ball
3-2: SINGLE (Groundball, 3S, EV 64.4 MPH) (infield hit)
Batting: LHB Devon Cundiff 0-0: Ball
1-0: Ball
2-0: Called Strike
2-1: DOUBLE (Line Drive, 9LM, EV 113.8 MPH)
Dwight Bell to third
Runner from 3rd tries for Home, throw by RF and OUT! 9-4-2
Top of the 5th over - 0 runs, 2 hits, 0 errors, 1 left on base; Phoenix 5 - Los Angeles 6
BOTTOM OF THE 5TH
Los Angeles Dinos batting - Pitching for Phoenix Roadrunners : RHP Louis Berry
Batting: RHB Rob Detling 0-0: Ball
1-0: Called Strike
1-1: Foul Ball, location: 2F
1-2: Ball
2-2: Ball
3-2: Base on Balls
Pitching: RHP Blake Tippett
Batting: LHB Tris Chikumbu 0-0: Fly out, F9 (Flyball, 9D, EV 96.9 MPH)
Batting: RHB Colton Coffin 0-0: Swinging Strike
0-1: Called Strike
0-2: Ball
1-2: Ball
2-2: SINGLE (Groundball, 6M, EV 89.4 MPH) (infield hit)
Rob Detling to second
Batting: RHB Efren Zamora 0-0: Ball
1-0: Ball
2-0: Ball
3-0: Base on Balls
Rob Detling to third
Colton Coffin to second
Batting: LHB Tariq Alston 0-0: Foul Ball, location: 2F
0-1: Ball
1-1: Ball
2-1: Foul Ball, location: 2F
2-2: Foul Ball, location: 2F
2-2: Fly out, F6 (Popup, 6, EV 60.0 MPH)
Batting: RHB Jehvon Curry 0-0: Ball
1-0: Ball
2-0: SINGLE (Line Drive, 7S, EV 108.8 MPH)
Rob Detling scores
Colton Coffin to third
Efren Zamora to second
Runner from 3rd tries for Home, throw by LF and OUT! 7-2
Bottom of the 5th over - 1 run, 2 hits, 0 errors, 2 left on base; Phoenix 5 - Los Angeles 7
TOP OF THE 6TH
Phoenix Roadrunners batting - Pitching for Los Angeles Dinos : LHP Donovan Jansson
Pitching: RHP James Forbes
Batting: LHB Vinnie Ballew 0-0: Ball
1-0: Ball
2-0: SINGLE (Groundball, 34D, EV 106.2 MPH)
Batting: RHB Scott McDonald 0-0: Swinging Strike
0-1: Called Strike
0-2: Strikes out looking
Batting: LHB Walter Lynch 0-0: Called Strike
0-1: Swinging Strike
0-2: Ball
1-2: Foul Ball, location: 2F
1-2: Fielders Choice at 2nd, 6-4 (Groundball, 6MS, EV 86.2 MPH)
Batting: LHB Uriah Kringen 0-0: Ball
1-0: Ball
2-0: Called Strike
2-1: Ground out U3 (Groundball, 3S, EV 88.1 MPH)
Top of the 6th over - 0 runs, 1 hit, 0 errors, 1 left on base; Phoenix 5 - Los Angeles 7
BOTTOM OF THE 6TH
Los Angeles Dinos batting - Pitching for Phoenix Roadrunners : RHP Blake Tippett
Batting: SHB Cole Riley 0-0: Ball
1-0: Ground out 5-3 (Groundball, 56S, EV 78.8 MPH)
Batting: RHB Derick Murphy 0-0: Called Strike
0-1: Swinging Strike
0-2: Fly out, F9 (Flyball, 9, EV 83.1 MPH)
Batting: RHB Raymond Trainor 0-0: Swinging Strike
0-1: Ball
1-1: Ball
2-1: Ground out U3 (Groundball, 34S, EV 71.9 MPH)
Bottom of the 6th over - 0 runs, 0 hits, 0 errors, 0 left on base; Phoenix 5 - Los Angeles 7
TOP OF THE 7TH
Phoenix Roadrunners batting - Pitching for Los Angeles Dinos : RHP James Forbes
Now at 2B: Mason Dvorak
Batting: RHB Cato Flaig 0-0: Swinging Strike
0-1: Ball
1-1: Ball
2-1: SINGLE (Groundball, 6MD, EV 93.8 MPH)
Batting: LHB Preston Hardcastle 0-0: Swinging Strike
0-1: SINGLE (Flyball, 7LS, EV 96.2 MPH)
Cato Flaig to second
Batting: RHB Rick Anderson 0-0: Called Strike
0-1: Called Strike
0-2: Foul Ball, location: 2F
0-2: Ball
1-2: Strikes out looking
Batting: LHB Dwight Bell 0-0: Called Strike
0-1: Ball
1-1: Called Strike
1-2: Foul Ball, location: 2F
1-2: Ball
2-2: Ball
3-2: Strikes out swinging
Pitching: RHP Zane Pagano
Batting: LHB Devon Cundiff 0-0: Ball
1-0: Swinging Strike
1-1: Ball
2-1: Ball
3-1: Base on Balls
Cato Flaig to third
Preston Hardcastle to second
Batting: LHB Vinnie Ballew 0-0: Ball
1-0: Ball
2-0: Ball
3-0: Called Strike
3-1: Foul Ball, location: 2F
3-2: Foul Ball, location: 2F
3-2: Foul Ball, location: 2F
3-2: Strikes out swinging
Top of the 7th over - 0 runs, 2 hits, 0 errors, 3 left on base; Phoenix 5 - Los Angeles 7
BOTTOM OF THE 7TH
Los Angeles Dinos batting - Pitching for Phoenix Roadrunners : RHP Blake Tippett
Pitching: RHP Josiah Scaggs
Batting: RHB Rob Detling 0-0: Foul Ball, location: 2F
0-1: SINGLE (Groundball, 56D, EV 98.8 MPH)
Batting: LHB Tris Chikumbu 0-0: Called Strike
0-1: Fly out, F8 (Flyball, 8LS, EV 85.6 MPH)
Batting: RHB Colton Coffin 0-0: Ball
1-0: Hit by Pitch
Rob Detling to second
Batting: RHB Efren Zamora 0-0: Called Strike
0-1: Ball
1-1: Ball
2-1: Grounds into double play, 5-4-3 (Groundball, 56S, EV 88.1 MPH)
Bottom of the 7th over - 0 runs, 1 hit, 0 errors, 1 left on base; Phoenix 5 - Los Angeles 7
TOP OF THE 8TH
Phoenix Roadrunners batting - Pitching for Los Angeles Dinos : RHP Zane Pagano
Now in LF: Cody Turner
Batting: RHB Scott McDonald 0-0: Ball
1-0: Called Strike
1-1: Ball
2-1: Swinging Strike
2-2: Strikes out swinging
Batting: LHB Walter Lynch 0-0: Called Strike
0-1: Swinging Strike
0-2: Ball
1-2: Ball
2-2: Ball
3-2: Fly out, F7 (Flyball, 7D, EV 91.9 MPH)
Batting: LHB Uriah Kringen 0-0: Called Strike
0-1: Foul Ball, location: 2F
0-2: Strikes out swinging
Top of the 8th over - 0 runs, 0 hits, 0 errors, 0 left on base; Phoenix 5 - Los Angeles 7
BOTTOM OF THE 8TH
Los Angeles Dinos batting - Pitching for Phoenix Roadrunners : RHP Josiah Scaggs
Batting: RHB Mason Dvorak 0-0: Called Strike
0-1: Swinging Strike
0-2: Strikes out swinging
Batting: RHB Jehvon Curry 0-0: Ball
1-0: SOLO HOME RUN (Flyball, 7D, EV 96.2 MPH), Distance : 373 ft
Batting: SHB Cole Riley 0-0: SINGLE (Groundball, 34D, EV 105.6 MPH)
Batting: RHB Derick Murphy 0-0: Called Strike
0-1: Swinging Strike
0-2: Foul Ball, location: 2F
0-2: Ball
1-2: Foul Ball, location: 2F
1-2: Strikes out looking
Batting: RHB Raymond Trainor 0-0: Ball
1-0: Ball
2-0: Fielders Choice at 2nd, 6-4 (Groundball, 6, EV 104.4 MPH)
Bottom of the 8th over - 1 run, 2 hits, 0 errors, 1 left on base; Phoenix 5 - Los Angeles 8
TOP OF THE 9TH
Phoenix Roadrunners batting - Pitching for Los Angeles Dinos : RHP Zane Pagano
Pitching: RHP Jace Yager
Now in LF: Johnathan Baird
Now in RF: Cody Turner
Batting: RHB Cato Flaig 0-0: Called Strike
0-1: Ball
1-1: Called Strike
1-2: Strikes out swinging
Batting: LHB Preston Hardcastle 0-0: Ball
1-0: Ground out U3 (Groundball, 3, EV 83.1 MPH)
Batting: RHB Rick Anderson 0-0: Ball
1-0: Called Strike
1-1: Called Strike
1-2: Ball
2-2: Ball
3-2: Strikes out swinging
Top of the 9th over - 0 runs, 0 hits, 0 errors, 0 left on base; Phoenix 5 - Los Angeles 8
Wednesday, November 6th , 2024 - OOTP Baseball 23.10 Build 110